 Dungeon Crawl Stone Soup version 0.19-a0-860-g5c370dd (webtiles) character file.

23552 LORDOFBUTT the Severer (level 12, -1/107 HPs)
             Began as a Minotaur Fighter on July 3, 2016.
             Was an Initiate of Gozag.
             Shot with a bolt by an orc warlord (9 damage)
             ... on level 2 of the Orcish Mines.
             The game lasted 00:19:50 (12022 turns).

LORDOFBUTT the Severer (Minotaur Fighter)          Turns: 12022, Time: 00:19:51

Health: -1/107     AC: 15    Str: 19    XL:     12   Next: 72%
Magic:  11/11      EV: 18    Int:  5    God:    Gozag
Gold:   502        SH: 13    Dex: 24    Spells: 0 memorised, 11 levels left

rFire  . . .     SeeInvis .     G - +9 broad axe of Action {chop, rElec Str-3 Dex+2}
rCold  + . .     Gourm    .     O - +1 chain mail {rC+}
rNeg   + . .     Faith    .     c - +0 shield
rPois  .         Spirit   .     R - +1 hat {MR+}
rElec  +         Dismiss  .     V - +0 cloak {+Inv}
rCorr  .         Reflect  .     (no gloves)
SustAt .         Harm     .     (no boots)
MR     +....                    (no amulet)
Stlth  +.........               I - +3 ring of dexterity
                                K - ring of positive energy

@: agile, gold aura, very slightly contaminated, hasted, very quick, somewhat
resistant to hostile enchantments, very unstealthy
A: retaliatory headbutt, horns 2
a: Potion Petition, Call Merchant, Bribe Branch, Renounce Religion, Evoke
Invisibility


You were on level 2 of the Orcish Mines.
You worshipped Gozag.
Gozag was noncommittal.
You were not hungry.

You visited 2 branches of the dungeon, and saw 13 of its levels.

You collected 3965 gold pieces.
You spent 676 gold pieces at shops.
You paid 2787 gold pieces to Gozag.

Inventory:

Hand Weapons
 B - a +0 war axe of flaming
 G - the +9 broad axe of Action (weapon) {chop, rElec Str-3 Dex+2}
   (You found it on level 7 of the Dungeon)

   It inflicts extra damage upon your enemies.
   It affects your strength (-3).
   It affects your dexterity (+2).
   It insulates you from electricity.
Armour
 c - a +0 shield (worn)
 O - a +1 chain mail of cold resistance (worn)
 R - a +1 hat of magic resistance (worn)
 T - a +0 scale mail
 V - a +0 cloak of invisibility (worn)
Jewellery
 e - an uncursed ring of wizardry
 q - an uncursed ring of magical power
 s - an uncursed ring of magical power
 t - an uncursed ring of teleportation
 I - a +3 ring of dexterity (right hand)
 K - a ring of positive energy (left hand)
Wands
 m - a wand of slowing (21/48)
 x - a wand of random effects (19/48)
 E - a wand of lightning (6/15)
 H - a wand of confusion (22/48)
 J - a wand of lightning (3/15)
Scrolls
 h - 5 scrolls of remove curse
 k - 4 scrolls of recharging
 l - 8 scrolls of teleportation
 n - 3 scrolls of fog
 o - 3 scrolls of noise
 p - 2 scrolls of amnesia
 r - a scroll of random uselessness
 w - 2 scrolls of identify
 y - a scroll of magic mapping
Potions
 d - 2 potions of cure mutation
 g - a potion of agility
 i - 7 potions of curing
 v - 3 potions of brilliance
 C - 2 potions of mutation
 F - a potion of cancellation
 L - a potion of degeneration {unknown}
 M - a potion of flight {unknown}
 Q - a potion of magic {unknown}
Books
 z - a book of Necromancy

   Spells                             Type                      Level
   a - Pain                           Necromancy                   1
   b - Animate Skeleton               Necromancy                   1
   c - Vampiric Draining              Necromancy                   3
   d - Regeneration                   Charms/Necromancy            3
   e - Animate Dead                   Necromancy                   4
   f - Control Undead                 Necromancy                   4
 D - a Necronomicon

   Spells                             Type                      Level
   a - Haunt                          Necromancy/Summoning         7
   b - Borgnjor's Revivification      Necromancy                   8
   c - Death's Door                   Charms/Necromancy            8
   d - Infestation                    Necromancy                   8
   e - Necromutation                  Transmutation/Necromancy     8
Comestibles
 b - 4 fruits
 f - 6 bread rations
 u - 5 meat rations
 N - 2 beef jerkies
 P - 9 royal jellies


   Skills:
 + Level 10.5 Fighting
 * Level 15.4(15.5) Axes
   Level 2.8(10.7) Maces & Flails
 + Level 10.4 Armour
 + Level 8.3 Dodging
 + Level 2.7 Stealth
 + Level 11.1 Shields


You had 11 spell levels left.
You didn't know any spells.

Dungeon Overview and Level Annotations

Branches:
Dungeon (11/15)            Temple (0/1) D:6            Lair (0/6) D:10
    Orc (2/2) D:11            Elf (0/3) Orc:2

Altars:
Fedhas
Gozag
Okawaru
Sif Muna
Xom
Yredelemnul
The Shining One

Shops:
D:3 *   D:8 ?


Innate Abilities, Weirdness & Mutations

You reflexively headbutt those who attack you in melee.
You have a pair of horns on your head.


Message History

Your +0 war axe of flaming stops flaming.
G - the +9 broad axe of Action (weapon)
{chop, rElec Str-3 Dex+2} The troll barely misses you.
You furiously retaliate!
You headbutt the troll!
You kill the troll!
You are too injured to fight recklessly!
The orc warlord unwields an uncursed great sword.
The orc warlord wields an arbalest.
The orc warlord shoots a bolt.
You block the bolt.
You see here a bolt.
The orc warrior shouts!
The orc warrior no longer looks unusually strong.
The orc warrior shoots a bolt.
The bolt misses you.
The orc warrior is distracted by the nearby gold.
The orc warlord shoots a bolt.
The bolt closely misses you.
The orc warrior shouts!
The orc warrior no longer looks unusually strong.
The orc warrior shoots a bolt.
The bolt barely misses you.
The orc warlord shoots a bolt.
The bolt hits you!
You die...
Your body crumbles into a pile of gold.

)......#.###......o## #.....
).......####........###.....
.........##..........#........
...............................
...............#.........#.....
...###..........#.......##.#..
.#####..........(.............
...##........##.....T......# .
...###.....).#..@....(....##...
.................(....o$$......
.........#........(#...oo..o...
.......#<.#........##.#o$......
#..................####......#.
##....##.....#.....# ###....#
###.#.##....##.#### #....#
##.)<..##.##....#### .....
#.##.......#))...#.## .#.#


You could see an orc warlord, a troll and 2 orc warriors.

Vanquished Creatures
  Erica (Orc:1)
  The ghost of Trees the Spear-Bearer, a novice MfSk of Ashenzari (D:10)
  An unseen horror (D:10)
  A hill giant (D:11)
  5 orc knights
  3 cyclopes
  3 griffons
  6 polar bears (D:7)
  6 trolls
  9 yaks
  A wyvern (D:11)
  A hungry ghost (D:11)
  3 hippogriffs
  A steam dragon (D:9)
  Edmund (D:5)
  15 wargs
  A water moccasin (D:8)
  23 orc warriors
  A phantom (D:5)
  3 necrophages
  5 wasps
  4 ice beasts
  3 sky beasts
  12 centaurs
  16 ogres
  Blork the orc (Orc:1)
  7 big kobolds (D:11)
  3 giant frogs
  3 gnoll sergeants
  A wyvern zombie (D:11)
  A wyvern skeleton (D:7)
  4 scorpions
  7 killer bees
  3 wights (D:9)
  2 howler monkeys
  3 crimson imps
  A quasit (D:10)
  6 hounds
  A jelly (D:8)
  2 gnoll shamans
  16 orc priests
  4 centaur skeletons
  A giant frog skeleton (D:10)
  9 worker ants
  4 iguanas
  20 orc wizards
  2 sheep
  A hound zombie (D:5)
  2 hound skeletons
  10 adders
  19 gnolls
  A river rat (D:10)
  An adder skeleton (D:4)
  7 worms
  A dart slug (D:2)
  4 giant geckos
  92 orcs
  8 bats
  6 giant cockroaches
  8 goblins
  7 hobgoblins
  10 jackals
  2 quokkas (D:2)
  5 giant newts (D:1)
  16 kobolds
  2 quokka zombies
  16 rats
  3 fungi (D:10)
448 creatures vanquished.

Vanquished Creatures (others)
  4 sheep (D:8)
  A fungus (D:10)
  A plant (D:10)
6 creatures vanquished.

Grand Total: 454 creatures vanquished

Notes
Turn   | Place    | Note
-------+----------+-------------------------------------------
     0 | D:1      | LORDOFBUTT the Minotaur Fighter began the quest for the Orb.
     0 | D:1      | Reached XP level 1. HP: 19/19 MP: 0/0
   258 | D:1      | Reached XP level 2. HP: 27/27 MP: 1/1
   864 | D:2      | Reached XP level 3. HP: 33/33 MP: 2/2
  1132 | D:2      | Found an iron altar of Okawaru.
  1216 | D:2      | Reached skill level 3 in Axes
  1349 | D:2      | Found a basalt altar of Yredelemnul.
  1652 | D:3      | Reached XP level 4. HP: 36/40 MP: 3/3
  1670 | D:3      | Found a blossoming altar of Fedhas.
  1829 | D:3      | Found Gozag's Platinum Reserve.
  1913 | D:3      | Reached skill level 5 in Armour
  1991 | D:3      | Found an opulent altar of Gozag.
  2007 | D:3      | Became a worshipper of Gozag Ym Sagoz the Greedy
  2028 | D:3      | Reached XP level 5. HP: 40/47 MP: 4/4
  2158 | D:4      | Reached skill level 1 in Dodging
  2361 | D:4      | Reached skill level 4 in Axes
  2447 | D:4      | Reached XP level 6. HP: 48/53 MP: 5/5
  3037 | D:5      | Entered Level 5 of the Dungeon
  3177 | D:5      | Reached skill level 5 in Fighting
  3189 | D:5      | Reached skill level 5 in Shields
  3474 | D:5      | Reached XP level 7. HP: 56/61 MP: 6/6
  3524 | D:5      | Noticed Edmund
  3531 | D:5      | Reached skill level 5 in Axes
  3538 | D:5      | Killed Edmund
  3631 | D:5      | Reached skill level 1 in Stealth
  3945 | D:6      | Reached XP level 8. HP: 22/69 MP: 7/7
  3987 | D:6      | Reached skill level 1 in Maces & Flails
  4343 | D:6      | Found a staircase to the Ecumenical Temple.
  4735 | D:7      | Got a brightly glowing broad axe
  4736 | D:7      | Identified the +9 broad axe of Action {chop, rElec Str-3 Dex+2} (You found it on level 7 of the Dungeon)
  4761 | D:7      | Reached skill level 6 in Axes
  4842 | D:7      | Found a huge runed gate.
  4842 | D:7      | Found a huge runed gate.
  4842 | D:7      | Found a huge runed gate.
  4842 | D:7      | Found a huge runed gate.
  4842 | D:7      | Noticed a polar bear
  4842 | D:7      | Noticed a polar bear
  4842 | D:7      | Noticed a polar bear
  4842 | D:7      | Noticed a griffon
  4842 | D:7      | Noticed a polar bear
  4842 | D:7      | Noticed a griffon
  4843 | D:7      | Noticed a griffon
  4843 | D:7      | Noticed a polar bear
  4843 | D:7      | Noticed a polar bear
  4844 | D:7      | Noticed a griffon
  4916 | D:7      | Reached XP level 9. HP: 49/78 MP: 8/8
  5210 | D:7      | Reached skill level 5 in Dodging
  5508 | D:7      | Reached skill level 7 in Axes
  5513 | D:7      | Killed a polar bear
  5517 | D:7      | Killed a polar bear
  5522 | D:7      | Killed a polar bear
  5522 | D:7      | Reached skill level 8 in Axes
  5640 | D:7      | Killed a polar bear
  5893 | D:6      | Killed a griffon
  5905 | D:7      | Killed a polar bear
  5905 | D:7      | Reached skill level 9 in Axes
  5905 | D:7      | Reached XP level 10. HP: 26/86 MP: 9/9
  6106 | D:7      | Killed a griffon
  6116 | D:7      | Killed a griffon
  6118 | D:7      | Reached skill level 10 in Axes
  6260 | D:8      | Found a glowing golden altar of the Shining One.
  6423 | D:8      | Found a shimmering altar of Xom.
  6925 | D:8      | Found a deep blue altar of Sif Muna.
  7367 | D:9      | Reached skill level 11 in Axes
  7710 | D:9      | Reached XP level 11. HP: 87/95 MP: 10/10
  8236 | D:9      | Noticed an orc knight
  8236 | D:9      | Noticed an orc knight
  8241 | D:9      | Reached skill level 12 in Axes
  8247 | D:9      | Noticed an orc knight
  8251 | D:9      | Killed an orc knight
  8251 | D:9      | Reached skill level 10 in Shields
  8264 | D:9      | Killed an orc knight
  8269 | D:9      | Killed an orc knight
  8462 | D:8      | Bought a scroll of acquirement for 676 gold pieces
  8665 | D:10     | Entered Level 10 of the Dungeon
  8750 | D:10     | Found a staircase to the Lair.
  8992 | D:10     | Noticed Trees's ghost (novice MfSk)
  8999 | D:10     | Killed Trees's ghost
  8999 | D:10     | Reached skill level 13 in Axes
  9026 | D:10     | Found a shimmering altar of Xom.
  9495 | D:10     | Killed an unseen horror
  9954 | D:11     | Reached skill level 10 in Armour
 10028 | D:11     | Reached XP level 12. HP: 84/105 MP: 11/11
 10343 | D:11     | Found a staircase to the Orcish Mines.
 10350 | D:11     | Reached skill level 14 in Axes
 10362 | D:11     | Reached skill level 10 in Fighting
 10554 | Orc:1    | Entered Level 1 of the Orcish Mines
 10683 | Orc:1    | Noticed Blork the orc
 10688 | Orc:1    | Killed Blork the orc
 10754 | Orc:1    | Noticed Erica
 10764 | Orc:1    | Killed Erica
 11201 | Orc:1    | Reached skill level 15 in Axes
 11407 | Orc:2    | Entered Level 2 of the Orcish Mines
 11533 | Orc:2    | Found a staircase to the Elven Halls.
 11994 | Orc:2    | Noticed an orc warlord
 12022 | Orc:2    | Shot with a bolt by an orc warlord

Vault maps used:
D:1:      evilmike_arrival_rings, patterned_corridor
D:2:      okawaru_gym_becter, marbit_many_paths, serial_bayou,
          serial_bayou_pond_e, serial_bayou_pond_d, serial_bayou_ford_a,
          serial_bayou_crossing, first_bread
D:3:      old_standard_altar, nicolae_gozag_zags_fifth_avenue
D:5:      uniq_edmund
D:7:      lemuel_bear_cage
D:8:      kennysheep_orc_sif_temple, kb_xom_exploding_sheep, tso_metal_star,
          hangedman_pestilent_swarm
D:9:      lemuel_castle_with_subvaults
D:10:     due_lair_maze_entry_diamond, basic_altar, minmay_misc_feat_tiny
D:11:     kennysheep_orc_monster_closet_entryway
Orc:1:    nicolae_orc_accident_3, sword_in_stone, uniq_erica
Orc:2:    st_orc_rangers

Skill      XL: |  1  2  3  4  5  6  7  8  9 10 11 12 |
---------------+-------------------------------------+-----
Armour         | 4 5 6 7 8 9 10 | 10.4
Fighting       | 4 5 6 7 8 9 10 | 10.5
Shields        | 4 5 7 8 9 10 11 | 11.1
Axes           | 3 4 5 6 9 11 13 15 | 15.4
Dodging        | 1 3 4 6 8 |  8.3
Stealth        | 1 2 |  2.7
Maces & Flails | 2 |  2.8

Action                   |  1- 3 |  4- 6 |  7- 9 | 10-12 || total
-------------------------+-------+-------+-------+-------++-------
Melee: War axe           |   119 |   134 |    75 |    99 ||   427
       Headbutt          |    14 |    26 |    44 |   111 ||   195
       Flail             |       |       |    43 |       ||    43
       Broad axe         |       |       |    77 |   505 ||   582
Invok: Potion Petition   |       |       |     1 |     3 ||     4
       Call Merchant     |       |       |       |     1 ||     1
  Use: Potion            |       |       |     3 |     6 ||     9
       Scroll            |       |       |    11 |    14 ||    25
 Stab: Distracted        |       |       |     1 |     6 ||     7
  Eat: Pizza             |     1 |     1 |       |     1 ||     3
       Chunk             |     1 |       |       |       ||     1
       Beef jerky        |       |     4 |       |     6 ||    10
       Meat ration       |       |       |     2 |     1 ||     3
       Bread ration      |       |       |       |     1 ||     1
Armor: Scale mail        |    61 |    41 |    70 |    94 ||   266
       Chain mail        |       |       |       |    42 ||    42
Dodge: Dodged            |    24 |    38 |    98 |   224 ||   384
Block: Shield            |    55 |    52 |   122 |   339 ||   568
